Map: Snowbound Colony

Players

Throwfordays

  • Race: Protoss Protoss
  • League: Silver
  • Spawn Location: 1:00

Cthulhu

  • Race: Terran Terran
  • Spawn Location: 1:00

Faust

  • Race: Zerg Zerg
  • League: Diamond
  • Spawn Location: 12:00

Kyroh - Winner!

  • Race: Zerg Zerg
  • League: Platinum
  • Spawn Location: 6:00

SPOON - Winner!

  • Race: Terran Terran
  • League: Diamond
  • Spawn Location: 7:00

Drewski - Winner!

  • Race: Terran Terran
  • League: Diamond
  • Spawn Location: 7:00

VOD

Have the link to the VOD?

Description

Time

  • Played on: April 4, 2019, 11:40 p.m.
  • Length: 13:20
Show
View Real Time Build Order
Export as new Build Order

Throwfordays Protoss 

Build Orders: 1 Gate Expand, Double Forge 

Get SALT Encoding   

  12  0:00  Probe  
  13  0:14  Pylon  
  13  0:18  Probe  
  14  0:26  Probe  
  14  0:34  Probe  
  16  0:42  Gateway  
  16  0:45  Probe  
  17  0:58  Probe  
  17  1:01  Assimilator  
  18  1:19  Probe  
  19  1:33  Nexus  
  19  1:40  Cybernetics Core, Probe  
  20  1:48  Probe  
  21  1:54  Assimilator  
  21  2:06  Pylon  
  21  2:23  Probe  
  21  2:27  Warp Gate  
  22  2:30  Robotics Facility  
  22  2:32  Probe  
  22  2:33  Pylon  
  23  2:41  Probe  
  23  2:43  Adept  
  26  2:51  Gateway  
  26  2:53  Probe  
  26  2:56  Probe  
  28  3:01  Probe  
  29  3:08  Probe  
  29  3:11  Probe  
  30  3:14  Adept  
  33  3:24  Probe  
  33  3:25  Probe  
  35  3:33  Forge  
  35  3:36  Probe  
  35  3:37  Probe  
  37  3:41  Pylon  
  37  3:48  Probe  
  37  3:49  Probe  
  37  3:54  Observer  
  40  4:00  Assimilator  
  40  4:06  Assimilator, Protoss Ground Weapons Level 1  
  40  4:10  Forge  
  40  4:17  Photon Cannon  
  40  4:21  Photon Cannon  
  40  4:22  Pylon, Probe  
  41  4:25  Probe  
  42  4:34  Probe  
  42  4:37  Probe  
  44  4:40  Adept  
  44  4:41  Adept  
  48  5:00  Probe  
  48  5:02  Immortal  
  52  5:10  Photon Cannon  
  52  5:13  Probe  
  53  5:15  Probe  
  53  5:17  Stalker x2  
  58  5:25  Probe  
  58  5:26  Robotics Facility  
  58  5:27  Probe  
  60  5:32  Protoss Ground Armor Level 1  
  60  5:37  Twilight Council, Probe  
  60  5:39  Probe  
  60  5:42  Pylon  
  62  5:44  Stalker x2  
  66  5:57  Immortal  
  70  6:04  Robotics Bay  
  70  6:07  Pylon  
  70  6:10  Pylon  
  70  6:13  Pylon  
  70  6:43  Stalker x2  
  74  6:49  Immortal  
  78  6:54  Colossus  
  78  7:07  Stalker x2  
  88  7:18  Colossus  
  88  7:28  Extended Thermal Lance  
  88  7:29  Protoss Ground Weapons Level 2  
  78  7:53  Stalker  
  78  7:54  Stalker  
  60  8:14  Colossus  
  60  8:15  Colossus  
  70  8:46  Stalker x2  
  72  9:20  Stalker  
  72  9:21  Stalker  
  64  9:55  Immortal x2  
  64  9:57  Stalker x2  
  76  10:30  Stalker  
  76  10:31  Stalker  
  80  10:37  Stargate  
  80  10:42  Stargate  
  80  10:46  Stargate  
  80  10:48  Stargate  
  80  10:56  Stalker  
  82  10:57  Stalker  
  84  11:09  Nexus  
  84  11:13  Assimilator  
  84  11:18  Assimilator  
  76  11:55  Stalker  
  76  11:56  Stalker  
  80  12:02  Fleet Beacon  
  80  12:04  Immortal x2  
  80  12:07  Stargate  
  88  12:08  Probe  
  88  12:11  Probe  
  90  12:20  Nexus, Probe  
  91  12:23  Probe  
  92  12:32  Photon Cannon  
  92  12:33  Probe  
  92  12:34  Photon Cannon  
  92  12:35  Probe  
  92  12:42  Stalker x2  
  86  12:44  Phoenix x2  
  86  12:45  Phoenix x2  
  94  12:55  Phoenix  
  96  13:06  Probe  
  96  13:08  Probe  
Show
View Real Time Build Order
Export as new Build Order

Cthulhu Terran 

Build Orders: 2 Factory, Mech 

Get SALT Encoding   

  12  0:06  SCV  
  13  0:23  SCV, Supply Depot  
  14  0:35  SCV  
  15  0:37  Refinery  
  15  0:51  Barracks  
  15  0:53  SCV  
  16  1:20  SCV  
  17  1:34  SCV  
  18  1:43  Command Center  
  18  1:47  Orbital Command  
  18  1:50  Marine  
  19  2:14  Marine, SCV  
  21  2:24  Refinery  
  21  2:27  Supply Depot  
  21  2:33  Factory  
  21  2:35  Marine, SCV  
  23  2:49  SCV  
  24  2:58  Orbital Command  
  24  3:01  Refinery  
  24  3:07  Factory  
  24  3:16  SCV  
  24  3:17  Marine  
  24  3:18  Hellion  
  28  3:29  Factory  
  28  3:30  SCV x2  
  30  3:39  Marine  
  31  3:44  Hellion  
  31  3:47  SCV x2  
  35  3:55  Factory Tech Lab  
  35  3:58  Marine  
  35  4:00  SCV x2  
  38  4:15  Armory  
  38  4:16  Hellion  
  38  4:17  Hellion  
  42  4:27  SCV x2  
  42  4:54  SCV  
  42  4:55  SCV  
  42  4:56  Hellion x3  
  42  4:58  Marine  
  44  5:05  Terran Vehicle Weapons Level 1  
  44  5:06  Armory  
  43  5:10  SCV x2  
  45  5:20  Infernal Pre-Igniter  
  45  5:24  Supply Depot  
  45  5:25  SCV  
  46  5:33  Refinery  
  46  5:39  Marine  
  46  5:40  SCV, Hellion, Siege Tank  
  53  5:46  Hellion  
  55  6:03  Hellion  
  56  6:22  Siege Tank, Hellion  
  58  7:00  Supply Depot  
  58  7:02  Terran Vehicle Weapons Level 2, Terran Vehicle And Ship Armor Level 1, Engineering Bay  
  57  7:35  SCV x2, Siege Tank  
  57  7:36  Factory Tech Lab x2  
  39  8:12  Siege Tank x3  
  36  8:38  SCV  
  35  9:03  Thor  
  35  9:04  Thor  
  40  9:46  Marine, SCV  
  40  9:48  Thor, Siege Tank x2  
  54  9:58  SCV  
  54  10:07  Marine  
  54  10:10  SCV  
  54  10:13  Command Center  
  52  10:38  SCV  
  53  10:44  Thor, Terran Vehicle And Ship Armor Level 2  
  53  10:45  Siege Tank  
  62  10:53  SCV  
  63  11:24  Marine  
  61  11:35  Orbital Command  
  61  12:05  SCV x2  
  60  12:27  Thor x3  
  78  12:36  Supply Depot  
  78  12:37  Supply Depot  
  78  12:39  Refinery x2  
  78  12:57  Marine, SCV x2  
  81  12:58  Supply Depot x2  
Show
View Real Time Build Order
Export as new Build Order

Faust Zerg 

Build Orders: Hatch First 

Get SALT Encoding   

  12  0:01  Drone  
  13  0:09  Drone  
  14  0:15  Extractor  
  14  0:17  Drone  
  15  0:23  Overlord  
  16  0:42  Drone  
  16  0:43  Drone  
  17  0:55  Hatchery  
  16  0:58  Drone  
  16  1:03  Drone  
  18  1:10  Drone  
  19  1:16  Extractor  
  18  1:23  Spawning Pool  
  17  1:26  Drone  
  17  1:30  Drone  
  19  1:59  Overlord  
  19  2:09  Queen  
  19  2:11  Queen  
  23  2:18  Metabolic Boost  
  23  2:20  Drone x3  
  26  2:28  Drone  
  27  2:30  Drone  
  27  2:31  Drone  
  29  2:50  Drone x2  
  31  2:58  Overlord  
  31  3:01  Lair  
  31  3:02  Drone  
  31  3:03  Zergling x2  
  31  3:04  Zergling x4  
  35  3:21  Zergling x16  
  43  3:41  Zergling x2  
  44  3:42  Overlord  
  44  3:56  Baneling Nest  
  44  4:01  Hatchery  
  44  4:02  Zergling x14  
  49  4:07  Overlord  
  49  4:26  Extractor, Drone x2  
  49  4:27  Drone x3  
  49  4:29  Drone x3  
  37  4:55  Zergling x18  
  46  5:03  Infestation Pit  
  46  5:05  Drone x2  
  47  5:26  Zergling x14  
  47  5:28  Zergling x8  
  57  5:34  Overlord  
  58  5:41  Evolution Chamber  
  58  5:42  Queen  
  57  5:43  Evolution Chamber  
  27  6:01  Baneling  
  27  6:02  Zergling x2, Baneling x10  
  27  6:03  Zergling x6  
  31  6:08  Drone x2  
  33  6:16  Zerg Melee Weapons Level 1  
  33  6:20  Drone x3  
  36  6:47  Drone x3  
  36  6:54  Zerg Ground Armor Level 1  
  37  7:18  Zergling x20  
  24  8:04  Zergling x12  
  21  8:26  Baneling x3  
  21  8:27  Baneling x2  
Show
View Real Time Build Order
Export as new Build Order

Kyroh Zerg - Winner!

Build Orders: Hatch First 

Get SALT Encoding   

  12  0:01  Drone  
  13  0:15  Overlord  
  13  0:19  Drone  
  14  0:33  Drone  
  14  0:34  Drone  
  16  0:54  Hatchery  
  16  0:56  Drone  
  16  0:59  Drone  
  17  1:10  Extractor  
  16  1:14  Spawning Pool  
  15  1:23  Drone x2  
  15  1:24  Drone  
  18  2:07  Queen  
  20  2:11  Queen  
  20  2:15  Zergling x6  
  24  2:16  Drone  
  26  2:23  Metabolic Boost  
  26  2:28  Drone  
  27  2:31  Overlord  
  27  2:32  Overlord  
  27  3:00  Drone x5  
  27  3:01  Drone  
  33  3:13  Overlord  
  33  3:14  Drone  
  34  3:24  Hatchery  
  33  3:32  Drone x5  
  38  3:35  Zergling x4  
  40  3:54  Zergling x12  
  40  3:55  Zergling x4  
  48  4:01  Overlord  
  48  4:03  Overlord  
  48  4:18  Evolution Chamber  
  48  4:20  Drone x2  
  49  4:30  Drone x2  
  51  4:32  Drone  
  51  4:33  Zergling x6, Drone  
  53  4:41  Zergling x2  
  48  4:56  Zergling x16  
  54  5:06  Spore Crawler  
  53  5:07  Spore Crawler  
  53  5:13  Zergling x12  
  58  5:15  Queen  
  58  5:20  Zerg Melee Weapons Level 1  
  60  5:22  Zergling x4  
  60  5:27  Zergling x2  
  63  5:29  Zergling x2  
  64  5:36  Zergling x4  
  65  5:45  Zergling x4  
  65  5:46  Zergling x10  
  69  5:58  Zergling x4  
  69  5:59  Zergling x4  
  73  6:08  Drone  
  73  6:10  Overlord x5  
  73  6:11  Overlord x2  
  72  6:43  Zergling x2  
  72  6:44  Zergling x32  
  89  7:12  Zergling x2  
  89  7:13  Zergling x12  
  95  7:28  Lair  
  76  8:02  Zergling x4  
  76  8:03  Zergling x12  
  76  8:04  Zergling x20  
  76  8:05  Zergling x4  
  79  8:10  Zergling x2  
  59  8:22  Zergling x12  
  59  8:25  Zergling x4  
  49  8:31  Drone  
  49  8:40  Drone x2  
  51  8:44  Drone  
  51  8:46  Queen  
  54  8:50  Zergling x4  
  54  8:51  Hatchery  
  55  9:08  Zergling x4  
  55  9:09  Zergling x14  
  43  9:21  Zergling x6  
  43  9:22  Zergling x4  
  32  9:48  Zergling x2  
  32  9:49  Zergling x12  
  32  9:52  Spire  
  38  9:53  Drone x2  
  40  10:04  Queen  
  42  10:10  Drone x2  
  44  10:19  Drone x3  
  47  10:43  Drone x2  
  47  10:44  Drone x6  
  55  10:55  Drone x4  
  59  10:58  Drone  
  60  11:11  Mutalisk x3  
  60  11:15  Mutalisk  
  68  11:22  Mutalisk x2  
  72  11:26  Mutalisk  
  72  11:27  Mutalisk  
  76  11:33  Mutalisk x2  
  76  11:36  Mutalisk  
  66  11:54  Zergling x8  
  66  11:55  Zergling x14  
  66  11:59  Extractor  
  66  12:01  Drone x2  
  77  12:02  Zergling x2, Extractor  
  75  12:48  Mutalisk x2  
  75  12:49  Zergling x2  
  75  12:50  Zergling x18  
  75  12:51  Zergling x16  
  93  12:52  Zergling x2  
  94  12:59  Zergling x2  
Show
View Real Time Build Order
Export as new Build Order

SPOON Terran - Winner!

Build Orders:  

Get SALT Encoding   

  12  0:01  SCV  
  13  0:13  SCV  
  14  0:23  Supply Depot  
  14  0:25  SCV  
  15  0:32  Refinery  
  15  0:45  SCV  
  16  0:51  Barracks  
  16  0:57  SCV  
  17  1:09  SCV  
  18  1:21  SCV  
  19  1:28  Barracks  
  19  1:30  Barracks  
  19  1:33  SCV  
  20  1:47  Barracks Tech Lab  
  20  1:48  Orbital Command  
  22  2:11  Marauder  
  22  2:20  Marine  
  22  2:21  Refinery  
  23  2:24  Barracks Reactor  
  23  2:28  Stimpack  
  23  2:30  Supply Depot  
  23  2:46  Barracks Reactor  
  23  2:51  SCV  
  24  3:06  Marine x2  
  24  3:08  Marauder  
  24  3:10  Command Center  
  28  3:22  Marine  
  28  3:23  Marine  
  30  3:28  Factory  
  30  3:36  Supply Depot  
  30  3:56  SCV  
  30  3:58  Marine x2  
  30  3:59  Marine x2  
  30  4:01  Marauder  
  37  4:11  Supply Depot  
  37  4:13  Factory Reactor  
  37  4:23  Starport  
  37  4:55  Marine x4, Marauder  
  43  5:03  Orbital Command  
  43  5:23  SCV  
  43  5:24  Medivac x2  
  48  5:29  Factory Tech Lab  
  48  5:31  Marine  
  48  5:32  Marine  
  48  5:33  Marauder  
  48  5:34  Marine  
  53  5:36  Marine  
  54  5:50  Combat Shield  
  53  6:17  Marine x2  
  55  6:24  Marine x2  
  59  6:28  Siege Tank  
  59  6:29  Medivac  
  62  6:38  SCV x2, Medivac  
  62  6:39  Supply Depot  
  66  6:41  Supply Depot  
  66  6:50  SCV, Engineering Bay  
  67  7:09  Concussive Shells  
  65  7:42  Marine x2  
  65  7:43  Medivac, Siege Tank, Marauder  
  65  7:44  Medivac  
  69  8:39  Widow Mine  
  65  8:49  Engineering Bay  
  57  9:12  Marauder  
  59  9:33  Command Center  
  59  9:42  SCV x2  
  53  9:46  Refinery  
  53  9:47  Refinery  
  53  9:51  Terran Infantry Armor Level 1  
  43  9:54  SCV x2  
  45  10:06  SCV  
  42  10:28  Marine  
  42  10:29  Marine x3  
  42  10:30  Siege Tank, Marauder  
  42  10:32  Liberator  
  54  10:44  Missile Turret  
  54  10:46  Marine  
  55  10:54  Orbital Command  
  55  10:56  Supply Depot  
  56  10:57  SCV x2  
  57  11:04  Missile Turret  
  57  11:09  SCV x2  
  59  11:21  SCV x2  
  61  11:31  Marine  
  61  11:32  Siege Tank, Marauder  
  67  11:33  SCV x2  
  69  11:50  Marine x2  
  69  11:53  Marauder  
  73  12:02  Refinery  
  73  12:04  Siege Tank  
  76  12:12  Refinery  
  76  12:15  Marauder  
  78  12:22  SCV x3  
  81  12:34  SCV x3  
  81  12:35  Marine x3  
  81  12:36  Siege Tank, Marauder  
  81  12:37  Viking, Medivac  
  94  12:44  Barracks  
  96  12:48  Barracks  
  96  12:49  Armory  
  96  12:52  Marine  
  96  12:53  Marine  
Show
View Real Time Build Order
Export as new Build Order

Drewski Terran - Winner!

Build Orders:  

Get SALT Encoding   

  12  0:01  SCV  
  13  0:13  SCV  
  14  0:20  Supply Depot  
  14  0:25  SCV  
  15  0:30  Refinery  
  15  0:41  SCV  
  16  0:46  Barracks  
  16  0:53  SCV  
  17  0:58  Refinery  
  17  1:09  SCV  
  18  1:21  SCV  
  19  1:34  Factory  
  19  1:45  Barracks Tech Lab  
  19  1:50  Orbital Command  
  19  2:02  Supply Depot  
  19  2:18  Marine  
  20  2:24  Siege Tank  
  22  2:34  SCV  
  23  2:41  Marine  
  24  2:46  Supply Depot, SCV  
  25  2:56  Siege Tank  
  28  3:03  Marine  
  30  3:10  SCV  
  30  3:15  Starport  
  29  3:22  SCV  
  30  3:28  Siege Tank  
  30  3:29  Marine  
  34  3:36  SCV  
  34  3:40  Supply Depot  
  35  3:48  SCV  
  35  3:53  Viking  
  38  4:01  Siege Tank  
  41  4:02  Supply Depot  
  41  4:04  Marine  
  42  4:23  Liberator  
  45  4:27  Barracks Reactor  
  45  4:34  Hellion  
  37  5:11  Marine x2, Siege Tank  
  37  5:13  Liberator  
  45  5:18  SCV  
  46  5:29  Command Center  
  35  5:57  Marine x2  
  35  5:58  Siege Tank  
  40  6:06  Liberator  
  43  6:18  Marine x2  
  45  6:31  Hellion  
  45  6:39  Marine x2  
  47  6:40  SCV  
  48  6:56  Marine, Siege Tank  
  52  7:05  SCV  
  52  7:08  Orbital Command  
  53  7:20  Barracks  
  50  7:24  Barracks  
  50  7:25  Barracks  
  44  8:08  Marine x2  
  46  8:25  Marine  
  46  8:26  Marine  
  48  8:40  Viking  
  50  8:43  Marine x2  
  50  8:46  Barracks Tech Lab x2  
  50  8:47  Barracks Reactor  
  50  8:48  SCV  
  53  8:49  Siege Tank  
  56  9:01  Marine x2  
  48  9:17  Marine, Marauder  
  48  9:19  Marine x2  
  48  9:20  Starport Reactor  
  47  9:33  Marine x2  
  47  9:35  Marine  
  47  9:37  Marine x2  
  52  9:39  SCV x2, Marauder  
  56  9:47  Siege Tank  
  56  9:48  Combat Shield  
  59  10:01  Marine x4, Marauder  
  59  10:02  Marine  
  63  10:09  Stimpack  
  63  10:11  Medivac x2  
  66  10:19  Marine  
  65  10:28  Marine x3, Marauder  
  65  10:29  Marauder  
  65  10:31  SCV  
  70  10:40  Refinery  
  70  10:44  Supply Depot  
  70  10:45  Supply Depot  
  70  10:47  Marine x3, SCV x2, Siege Tank  
  70  10:48  Supply Depot  
  78  11:02  Refinery  
  78  11:05  Marine x4, SCV x2, Marauder  
  78  11:07  Marauder  
  88  11:23  Marine x3  
  75  11:27  Marauder  
  56  11:59  Marine  
  56  12:00  Marine x3, Marauder  
  56  12:01  Marauder  
  60  12:12  Siege Tank  
  60  12:13  Medivac x2  
  60  12:15  SCV  
  68  12:17  Marine  
  68  12:18  Marine x3  
  68  12:21  Marauder  
  68  12:22  Marauder  
  76  12:35  Marine x2  
  76  12:36  Marine x2  
  80  12:38  SCV, Command Center  
  80  12:40  Engineering Bay  
  80  12:41  Armory  
  80  12:42  Marine  
  80  12:44  SCV, Marauder  
  85  12:46  Supply Depot  
  85  12:50  SCV, Medivac  
  88  12:53  Marine x3  
  91  13:00  Marine  
Tags
 
Add a new tag
Caveats
  • Supply blocks, unpowered buildings, or Contaminate may cause inaccurate times.
  • Supply counts are checked every 10 seconds.